 Dungeon Crawl Stone Soup version 0.21.1-1-g345015fe64 (webtiles) character file.

1264 Htamos the Basher (level 8, -3/46 HPs)
             Began as a Gargoyle Berserker on July 14, 2018.
             Was an Elder of Trog.
             Slain by an orc
             ... wielding a +0 mace
              (4 damage)
             ... while paralysed by Grinder
             ... on level 5 of the Dungeon.
             The game lasted 00:09:46 (6395 turns).

Htamos the Basher (Gargoyle Berserker)              Turns: 6395, Time: 00:09:47

Health: -3/46      AC: 17    Str: 22      XL:     8   Next: 52%
Magic:  8/8        EV:  2    Int:  7 (9)  God:    Trog [****..]
Gold:   303        SH:  0    Dex: 13 (14) Spells: 7/7 levels left

rFire    . . .     SeeInvis .   a - +0 mace
rCold    . . .     Gourm    .   f - +0 large shield
rNeg     + . .     Faith    +   w - +0 chain mail (curse)
rPois    ∞         Spirit   .   (no helmet)
rElec    +         Reflect  .   (no cloak)
rCorr    .         Harm     .   x - +0 pair of gloves
MR       .....                  (no boots)
Stlth    ..........             p - amulet of faith
HPRegen  0.15/turn              (no ring)
MPRegen  0.11/turn              (no ring)

@: paralysed, agile
A: iridescent scales 1, blurry vision 1, negative energy resistance 1,
electricity resistance, unbreathing, petrification resistance, rot immunity, AC
+5
a: Berserk, Trog's Hand, Brothers in Arms, Burn Spellbooks, Renounce Religion


You were on level 5 of the Dungeon.
You worshipped Trog.
Trog was greatly pleased with you.
You were very hungry.

You visited 1 branch of the dungeon, and saw 5 of its levels.

You collected 303 gold pieces.

Inventory:

Hand Weapons
 a - a +0 mace (weapon)
 j - a +2 dagger of venom
Armour
 f - a +0 large shield (worn)
 q - a +0 chain mail
 w - a cursed +0 chain mail (worn)
 x - a +0 pair of gloves (worn)
Jewellery
 p - an amulet of faith (around neck)
 y - a cursed amulet of inaccuracy {unknown}
Scrolls
 d - 5 scrolls of identify
 e - 2 scrolls of teleportation
 g - 2 scrolls of immolation
 i - 4 scrolls of remove curse
 k - a scroll of random uselessness {unknown}
 l - a scroll of fog {unknown}
 n - 4 scrolls of fear
 t - 4 scrolls of enchant weapon {unknown}
 u - a scroll of amnesia {unknown}
Potions
 h - a potion of degeneration
 s - a potion of curing {unknown}
Comestibles
 c - 12 rations


   Skills:
 - Level 3.4 Fighting
 + Level 10.3 Maces & Flails
 - Level 2.3 Armour
 - Level 1.7 Dodging


You had 7 spell levels left.
You didn't know any spells.

Dungeon Overview and Level Annotations

Branches:
Dungeon (5/15)
 Temple: D:4-7

Altars:
Gozag
Kikubaaqudgha
Makhleb
Vehumet

Annotations:
D:5 Grinder


Innate Abilities, Weirdness & Mutations

You are resistant to torment.
Your stone body is resilient. (AC +5)
You are immune to poison.
You resist negative energy. (rN+)
You are resistant to electric shocks. (rElec)
You can survive without breathing.
You are immune to petrification.
You are immune to rotting.
You are partially covered in iridescent scales. (AC +2)
Scrolls take you a little longer to read.


Message History

* * * LOW HITPOINT WARNING * * *
You writhe in agony.
* * * LOW HITPOINT WARNING * * *
The orc hits you but does no damage.
Grinder says, "FISH!"
Grinder gestures at you.
You struggle to resist.
The orc hits you with a mace.
* * * LOW HITPOINT WARNING * * *
Grinder hits you.
* * * LOW HITPOINT WARNING * * *
You writhe in agony.
* * * LOW HITPOINT WARNING * * *
The orc hits you but does no damage. Grinder hits you but does no damage.
The orc hits you but does no damage. Grinder hits you.
* * * LOW HITPOINT WARNING * * *
You writhe in agony.
* * * LOW HITPOINT WARNING * * *
Grinder blinks!
The orc hits you with a mace.
You die...

#. #.##..###..# #
#..........#
####..###..###
#.####...........
..............)#
.#.#######...#.#
##......#
#...?.#.#
##@.#...#
#..o)§....#
......#....###
#####.#...... .
..##.### .. ...
.# ## ..# ## .#..


You could see an orc.

Vanquished Creatures
  The ghost of SirChikenkiller the Covered, a novice MiBe of Trog (D:5)
  2 phantoms (D:4)
  2 ogres
  A crimson imp (D:4)
  A centaur zombie (D:5)
  2 jellies
  4 orc priests
  An orc wizard (D:5)
  3 worker ants
  Terence (D:2)
  An iguana (D:4)
  4 adders
  2 oozes (D:1)
  4 worms
  4 dart slugs
  A leopard gecko (D:4)
  20 orcs
  2 bats (D:1)
  3 giant cockroaches
  8 goblins
  12 hobgoblins
  2 jackals (D:1)
  6 kobolds
  A quokka (D:3)
  A ball python (D:3)
  A ball python skeleton (D:5)
  5 frilled lizards
  A jackal skeleton (D:5)
  11 rats
107 creatures vanquished.

Vanquished Creatures (others)
  2 orc wizards (D:5)
2 creatures vanquished.

Grand Total: 109 creatures vanquished

Notes
Turn   | Place    | Note
-------+----------+-------------------------------------------
     0 | D:1      | Htamos the Gargoyle Berserker began the quest for the Orb.
     0 | D:1      | Reached XP level 1. HP: 14/14 MP: 1/1
   263 | D:1      | Reached XP level 2. HP: 16/19 MP: 2/2
   920 | D:1      | Reached XP level 3. HP: 17/23 MP: 3/3
  1276 | D:1      | Reached skill level 4 in Maces & Flails
  1491 | D:1      | Reached ** piety under Trog
  2133 | D:2      | Reached XP level 4. HP: 28/28 MP: 4/4
  2208 | D:2      | Noticed Terence
  2230 | D:2      | Killed Terence
  2479 | D:2      | Found an opulent altar of Gozag.
  2506 | D:2      | Reached skill level 5 in Maces & Flails
  2570 | D:2      | Found a burning altar of Makhleb.
  2836 | D:2      | You fall through a shaft for 2 floors!
  3210 | D:3      | Reached XP level 5. HP: 32/32 MP: 5/5
  3741 | D:3      | Reached *** piety under Trog
  4014 | D:3      | Reached skill level 6 in Maces & Flails
  4076 | D:4      | Noticed an ogre
  4081 | D:4      | Noticed a phantom
  4087 | D:4      | Killed an ogre
  4087 | D:4      | Reached XP level 6. HP: 20/37 MP: 6/6
  4344 | D:4      | Killed a phantom
  4344 | D:4      | Reached skill level 7 in Maces & Flails
  4542 | D:4      | Found an ancient bone altar of Kikubaaqudgha.
  4810 | D:4      | Noticed a phantom
  4870 | D:4      | Killed a phantom
  4870 | D:4      | Reached XP level 7. HP: 19/41 MP: 7/7
  5079 | D:4      | Reached skill level 8 in Maces & Flails
  5637 | D:5      | Entered Level 5 of the Dungeon
  5704 | D:5      | Found a radiant altar of Vehumet.
  5953 | D:5      | Gained mutation: Scrolls take you a little longer to read. [potion of mutation]
  5953 | D:5      | Gained mutation: You are partially covered in iridescent scales. (AC +2) [potion of mutation]
  5961 | D:5      | Reached skill level 9 in Maces & Flails
  5964 | D:5      | Reached XP level 8. HP: 28/46 MP: 8/8
  6138 | D:5      | Noticed SirChikenkiller's ghost (novice MiBe)
  6182 | D:5      | Killed SirChikenkiller's ghost
  6182 | D:5      | Reached skill level 10 in Maces & Flails
  6196 | D:5      | Reached **** piety under Trog
  6368 | D:5      | Noticed Grinder
  6368 | D:5      | Paralysed by Grinder for 2 turns
  6389 | D:5      | Paralysed by Grinder for 7 turns
  6394 | D:5      | HP: 1/46 [Grinder (3)]
  6395 | D:5      | Slain by an orc

Skill      XL: |  1  2  3  4  5  6  7  8 |
---------------+-------------------------+-----
Maces & Flails | 4 5 6 7 9 10 | 10.3
Fighting       | |  3.4
Armour         | |  2.3
Dodging        | |  1.7

Action                   |  1- 3 |  4- 6 |  7- 9 || total
-------------------------+-------+-------+-------++-------
Melee: Mace              |   122 |   272 |   218 ||   612
       Dagger            |       |     5 |       ||     5
Invok: Berserk           |     1 |       |       ||     1
       Burn Spellbooks   |       |       |     1 ||     1
Evoke: Wand              |       |     6 |       ||     6
  Use: Scroll            |       |     6 |       ||     6
       Potion            |       |       |     5 ||     5
  Eat: Chunk             |     5 |     6 |     4 ||    15
       Ration            |       |     1 |       ||     1
Armor: Animal skin       |    59 |    10 |       ||    69
       Ring mail         |       |    15 |       ||    15
       Chain mail        |       |    71 |   100 ||   171
Dodge: Dodged            |    37 |    36 |    24 ||    97
Block: Large shield      |    74 |   162 |   107 ||   343
